 Dungeon Sprint DCSS version 0.19.1 (webtiles) character file.

172 equalderp2856 the Gouger (level 5, 0/27 HPs)
             Began as a Felid Fighter on Dec 1, 2016.
             Slain by Harold
             ... wielding a +2 hand axe of chopping
              (11 damage)
             ... in the Dungeon (Sprint IX: "|||||||||||||||||||||||||||||").
             The game lasted 00:00:54 (731 turns).

equalderp2856 the Gouger (Felid Fighter)             Turns: 731, Time: 00:00:54

Health: 0/27       AC:  1    Str: 13    XL:     5   Next: 27%
Magic:  6/6        EV: 23    Int:  9    God:
Gold:   650        SH:  0    Dex: 16    Spells: 0 memorised, 4 levels left
                                        Lives:  0   Deaths: 1

rFire  . . .     SeeInvis +       - Unarmed
rCold  . . .     Gourm    .     (armour unavailable)
rNeg   . . .     Faith    .     (shield unavailable)
rPois  .         Spirit   .     (helmet unavailable)
rElec  .         Reflect  .     (cloak unavailable)
rCorr  .         Harm     .     (gloves unavailable)
MR     .....     NoTele   +     (boots unavailable)
Stlth  ++........               (no amulet)
                                (no ring)
                                (no ring)

@: quick
A: no armour, no weapons or thrown items, stealth, claws 1, fangs 3, see
invisible, carnivore 3, speed 1, shaggy fur 1, slow metabolism 1, sharp paws
a: no special abilities


You were in the Dungeon.
You were not hungry.

You visited 1 branch You collected 650 gold pieces.

Inventory:

Scrolls
 h - a scroll of blinking
Potions
 a - a potion of might
 c - a potion of curing
 e - a potion of haste
 f - 2 potions of magic
 g - a potion of berserk rage
Comestibles
 b - a meat ration


   Skills:
 + Level 5.7 Fighting
 + Level 7.8 Dodging
 + Level 1.5 Stealth
 + Level 10.1 Unarmed Combat


You had 4 spell levels left.
You didn't know any spells.

Dungeon Overview and Level Annotations

Branches:
Dungeon (1/1)

Altars:

Annotations:
D Harold


Innate Abilities, Weirdness & Mutations

You cannot wear armour.
You are incapable of wielding weapons or throwing items.
Your paws allow you to move quietly. (Stealth)
You have sharp claws.
You have razor-sharp teeth.
You have supernaturally acute eyesight. (SInv)
You are carnivorous and can eat meat at any time.
You cover ground quickly.
You are covered in fur. (AC +1)
You have a slow metabolism.
Your sharp claws are effective at attacking unaware monsters.


Message History

Things that are here:
a club; a leather armour; an orc skeleton
Items here: ( ) [ ÷ a flail; 2 tomahawks; a ring mail; an orc skeleton
Items here: )))))) [[[ ÷÷÷÷
There is an open door to the Orcish Mines here.
You see here a tomahawk.
Harold the Weathered comes into view.
He is wielding a hand axe of chopping.
Harold throws a throwing net.
The throwing net hits you.
You become entangled in the net!
You see here a throwing net.
You struggle against the net.
You struggle against the net.
Harold closely misses you.
You struggle against the net.
Harold closely misses you.
You rip the net and break free!
Harold hits you with a hand axe of chopping!
You claw Harold!
Harold is lightly wounded.
Harold hits you with a hand axe of chopping!
You die... ▓▓▓▓▓▓▓▓▓▓▓▓▓▓▓▓▓▓▓▓▓▓▓▓ ................@@...... ▓▓▓▓▓▓▓▓▓▓▓▓▓▓▓▓▓▓▓▓▓▓▓▓

You could see Harold.

Vanquished Creatures
  A centaur (D)
  3 orc priests (D)
  An orc wizard (D)
  9 orcs (D)
  A bat (D)
  A bat zombie (D)
  A goblin (D)
  2 hobgoblins (D)
  A frilled lizard (D)
20 creatures vanquished.

Notes
Turn   | Place    | Note
-------+----------+-------------------------------------------
     0 | D        | equalderp2856 the Felid Fighter began the quest for the Orb.
     0 | D        | Reached XP level 1. HP: 10/10 MP: 2/2
   271 | D        | Noticed a centaur
   271 | D        | Noticed a scorpion
   285 | D        | Killed a centaur
   285 | D        | Reached skill level 7 in Unarmed Combat
   285 | D        | Reached XP level 2. HP: 5/15 MP: 3/3
   285 | D        | Reached XP level 3. HP: 6/18 MP: 4/4
   285 | D        | Reached XP level 4. HP: 7/22 MP: 5/5
   288 | D        | Slain by a scorpion
   289 | D        | Reached XP level 3. HP: -1/18 MP: 4/4
   295 | D        | Reached skill level 5 in Fighting
   295 | D        | Reached skill level 8 in Unarmed Combat
   302 | D        | Reached skill level 1 in Stealth
   302 | D        | Reached XP level 4. HP: 22/23 MP: 5/5
   308 | D        | Reached skill level 9 in Unarmed Combat
   326 | D        | HP: 1/23 [orc (5)]
   330 | D        | Reached XP level 5. HP: 2/26 MP: 6/6
   640 | D        | Reached skill level 10 in Unarmed Combat
   721 | D        | Noticed Harold
   731 | D        | Slain by Harold

Skill      XL: |  1  2  3  4  5 |
---------------+----------------+-----
Fighting       | 4 5 |  5.7
Dodging        | 6 7 |  7.8
Unarmed Combat | 7 8 9 10 | 10.1
Stealth        | 1 |  1.5

Action                   |  1- 3 |  4- 6 || total
-------------------------+-------+-------++-------
Melee: Unarmed           |    39 |    32 ||    71
       Bite              |     2 |     3 ||     5
       Punch             |       |     3 ||     3
  Use: Potion            |     1 |       ||     1
Armor: Skin              |     3 |       ||     3
Dodge: Dodged            |    33 |    17 ||    50
